 Dungeon Crawl Stone Soup version 0.29-a0-23-ga79f92ac9c (webtiles) character file.

Game seed: 8399544418391509575

1381 avis the Grappler (level 8, 0/68 HPs)
             Began as a Hill Orc Transmuter on Jan 30, 2022.
             Slain by a vampire mosquito (11 damage)
             ... on level 5 of the Dungeon.
             The game lasted 00:35:53 (8030 turns).

avis the Grappler (Hill Orc Transmuter)             Turns: 8030, Time: 00:35:53

Health: 0/68       AC:  2    Str: 13    XL:     8   Next: 67%
Magic:  8/12       EV: 20    Int: 15    God:
Gold:   188        SH:  0    Dex: 16    Spells: 3/13 levels left

rFire   . . .      SeeInvis .     - Unarmed
rCold   . . .      Faith    .   (shield currently unavailable)
rNeg    . . .      Spirit   .   (armour currently unavailable)
rPois   .          Reflect  .   (helmet currently unavailable)
rElec   .          Harm     .   (cloak currently unavailable)
rCorr   .          Rampage  .   (gloves currently unavailable)
Will    +....                   (boots currently unavailable)
Stlth   +.........              (no amulet)
HPRegen 0.21/turn               g - ring of willpower
MPRegen 0.13/turn               a - ring of poison resistance

@: spider-form
A: venomous fangs, tiny
a: End Transformation


You were on level 5 of the Dungeon.
You were a venomous arachnid creature.
You visited 2 branches of the dungeon, and saw 6 of its levels.

You collected 188 gold pieces.

Inventory:

Hand Weapons
 b - a +0 hunting sling
 c - a +1 vampiric hand axe
 k - a +0 halberd
 y - a +0 halberd
 A - a +0 trident
Missiles
 f - 150 stones
 i - 50 bolts
 v - 2 throwing nets
Armour
 o - a +2 pair of boots (melded)
 t - a +0 helmet (melded)
 u - a +0 leather armour (melded)
 B - a +0 cloak (melded)
 C - a +1 pair of gloves of strength (melded)
Jewellery
 a - a ring of poison resistance (right front leg)
 g - a ring of willpower (left front leg)
Wands
 s - a wand of acid (12)
 x - a wand of polymorph (5)
 z - a wand of paralysis (4)
Scrolls
 e - 5 scrolls of identify {unknown}
 j - 2 scrolls of fog {unknown}
 l - a scroll of holy word {unknown}
 p - a scroll of teleportation {unknown}
 w - a scroll of blinking {unknown}
 E - a scroll of fear {unknown}
Potions
 d - a potion of ambrosia {unknown}
 h - a potion of attraction
 m - a potion of mutation {unknown}
 n - 2 potions of flight {unknown}
 q - a potion of lignification {unknown}
 r - a potion of invisibility {unknown}


   Skills:
 - Level 5.0 Fighting
 - Level 3.0 Dodging
 * Level 8.4 Unarmed Combat
 - Level 3.0 Spellcasting
 - Level 3.0 Transmutations
 - Level 2.0 Poison Magic


You had 3 spell levels left.
You knew the following spells:

 Your Spells              Type           Power      Damage    Failure   Level
a - Beastly Appendage     Tmut           22%        N/A       17%         1
e - Wereblood             Tmut           11%        N/A       22%         2
p - Spider Form           Tmut/Pois      9%         N/A       43%         3
q - Ice Form              Ice/Tmut       6%         N/A       87%         4

Your spell library contained the following spells:

 Spells                   Type           Power      Damage    Failure   Level
 Magic Dart               Conj           8%         1d3       41%         1
 Shock                    Conj/Air       8%         1d3       41%         1
 Call Imp                 Summ           2%         N/A       52%         2
 Mephitic Cloud           Conj/Pois/Air  4%         N/A       65%         3
 Swiftness                Air            2%         N/A       73%         3
 Airstrike                Air            1%         N/A       97%         4


Dungeon Overview and Level Annotations

Branches:
Dungeon (5/15)             Temple (1/1) D:4

Altars:
Ashenzari
Dithmenos
Elyvilon
Hepliaklqana
Kikubaaqudgha
Nemelex Xobeh
Okawaru
Ru
Sif Muna
Uskayaw
Wu Jian
Xom
Yredelemnul
Zin
The Shining One

Shops:
D:1 *   D:3 =


Message History

The vampire mosquito bites you.
The vampire mosquito draws strength from your injuries!
The vampire mosquito bites you.
The vampire mosquito draws strength from your injuries!
The vampire mosquito bites you!
The vampire mosquito draws strength from your injuries!
You barely miss the vampire mosquito. You claw the vampire mosquito.
The vampire mosquito is almost destroyed.
The vampire mosquito barely misses you. The vampire mosquito bites you!
* * * LOW HITPOINT WARNING * * *
The vampire mosquito draws strength from your injuries!
The vampire mosquito misses you.
Casting: Beastly Appendage (safe; 7% risk of failure)
Confirm with . or Enter, or press ? or * to list all spells.
Your horns disappear.
Your talons disappear.
Your +0 helmet unmelds from your body.
Your +2 pair of boots unmelds from your body.
You turn into a venomous arachnid creature.
Your +0 cloak melds into your body.
Your +0 helmet melds into your body.
Your +1 pair of gloves of strength melds into your body.
Your +2 pair of boots melds into your body.
Your +0 leather armour melds into your body.
You feel weaker. The vampire mosquito misses you.
The vampire mosquito bites you but does no damage.
The vampire mosquito completely misses you.
You closely miss the vampire mosquito.
The vampire mosquito is severely damaged.
The vampire mosquito misses you. x2
The vampire mosquito bites you but does no damage.
The vampire mosquito completely misses you.
You hit the vampire mosquito.
The vampire mosquito is almost destroyed.
The vampire mosquito bites you!
* * * LOW HITPOINT WARNING * * *
The vampire mosquito draws strength from your injuries!
The vampire mosquito barely misses you.
The vampire mosquito closely misses you.
The vampire mosquito bites you!
You die...

....................#
#######.............#
# #.............# #
####.....#.####### #
#..###........# # ##.
#........# ...
#....≈♣..#
....##...≈P≈...
.......s..≈≈###
.......yy≈≈P#
............####
...............####
###................
#........<.......
####..#..........
#..#..........
#..##.........


You could see 2 vampire mosquitoes.

Vanquished Creatures
  Pikel (D:4)
  Sigmund (D:3)
  A wyvern (D:4)
  A black bear (D:4)
  3 lemures (D:3)
  A water moccasin zombie (D:5)
  A jelly (D:5)
  2 bullfrog skeletons
  Ijyb (D:5)
  Natasha (thrice) (D:2)
  4 iguanas
  A hound skeleton (D:4)
  Robin (D:3)
  2 adders
  10 gnolls
  An adder skeleton (D:4)
  3 worms
  A dart slug (D:1)
  11 orcs
  6 bats
  6 endoplasms
  A giant cockroach (D:2)
  13 goblins
  5 hobgoblins
  3 jackals (D:3)
  9 kobolds
  A quokka (D:1)
  9 ball pythons
  7 frilled lizards
  6 rats
  2 bushes (D:3)
117 creatures vanquished.

Vanquished Creatures (others)
  9 plants (D:3)
9 creatures vanquished.

Grand Total: 126 creatures vanquished

Notes
Turn   | Place    | Note
-------+----------+-------------------------------------------
     0 | D:1      | avis the Hill Orc Transmuter began the quest for the Orb.
     0 | D:1      | Reached XP level 1. HP: 16/16 MP: 3/3
    80 | D:1      | Found Atie's General Store.
   273 | D:1      | Reached XP level 2. HP: 24/25 MP: 0/4
   327 | D:1      | Found a faded altar of an unknown god.
  1233 | D:2      | Found a broken altar of Ashenzari.
  1287 | D:2      | Noticed Natasha
  1337 | D:2      | Reached XP level 3. HP: 31/31 MP: 3/5
  1399 | D:2      | Learned a level 3 spell: Spider Form
  1648 | D:2      | Reached skill level 4 in Unarmed Combat
  1741 | D:2      | Reached XP level 4. HP: 8/38 MP: 2/6
  2361 | D:2      | Killed Natasha
  2362 | D:2      | Reached skill level 5 in Unarmed Combat
  2429 | D:2      | Noticed Natasha
  2441 | D:2      | Killed Natasha
  2442 | D:2      | Reached skill level 1 in Poison Magic
  2442 | D:2      | Reached XP level 5. HP: 45/45 MP: 4/7
  2595 | D:2      | Noticed Natasha
  2600 | D:2      | Killed Natasha
  2728 | D:3      | Found a shadowy altar of Dithmenos.
  3709 | D:3      | Noticed Robin
  3729 | D:3      | Killed Robin
  4048 | D:3      | Found a hazy altar of Hepliaklqana.
  4133 | D:3      | Found Rovuqowk's Jewellery Emporium.
  4397 | D:3      | Noticed Sigmund
  4413 | D:3      | Killed Sigmund
  4414 | D:3      | Reached skill level 6 in Unarmed Combat
  4414 | D:3      | Reached XP level 6. HP: 33/51 MP: 5/9
  4526 | D:3      | Found a sparkling altar of Nemelex Xobeh.
  4966 | D:4      | Learned a level 2 spell: Wereblood
  5073 | D:4      | Found a staircase to the Ecumenical Temple.
  5088 | D:4      | Noticed Pikel
  5733 | D:4      | Paralysed by Pikel for 6 turns
  5746 | D:4      | Killed Pikel
  5747 | D:4      | Reached skill level 7 in Unarmed Combat
  5747 | D:4      | Reached skill level 5 in Fighting
  5747 | D:4      | Reached XP level 7. HP: 49/61 MP: 7/10
  6223 | D:4      | Found a basalt altar of Yredelemnul.
  6614 | D:4      | Reached XP level 8. HP: 55/68 MP: 8/11
  6677 | D:4      | Learned a level 4 spell: Ice Form
  6768 | Temple   | Entered the Ecumenical Temple
  6960 | D:5      | Entered Level 5 of the Dungeon
  7094 | D:5      | Noticed Ijyb
  7104 | D:5      | Killed Ijyb
  7303 | D:5      | Noticed a wyvern
  7806 | D:4      | Killed a wyvern
  7856 | D:5      | Reached skill level 8 in Unarmed Combat
  8030 | D:5      | Slain by a vampire mosquito

Illustrated notes

Levels and vault maps discovered:
D:1:      saegor_arrival_under_anarchy, layout_loops_corners,
          ebering_ecumenical_altar_box, serial_shops,
          nicolae_shop_temple_entry_statues_fountains, minmay_pentomino_w2
D:2:      layout_basic, basic_altar, minmay_tiny_reverse_x, uniq_natasha
D:3:      minmay_evil_eye, layout_basic, lemuel_doored_altar,
          amcnicky_altar_gilded, worldfamousw_hep_ancestral_shrine,
          serial_corexii_hall, chequers_hall_statues_corner_a,
          chequers_hall_statues_corner_a, serial_shops,
          nicolae_shop_statue_plus, lexackson_kobold_supper, uniq_robin,
          uniq_sigmund
D:4:      black_bear_nest_1, layout_loops_corners, kennysheep_mini,
          minmay_temple_entry_wispy, uniq_pikel
D:5:      layout_basic, serial_bayou_pond_e, uniq_ijyb
Temple:   jpeg_temple_clearing

Skill      XL: |  1  2  3  4  5  6  7  8 |
---------------+-------------------------+-----
Fighting       | 2 3 5 |  5.0
Unarmed Combat | 4 5 6 7 8 |  8.4
Dodging        | 2 3 |  3.0
Poison Magic   | 1 2 |  2.0
Transmutations | 2 3 |  3.0
Spellcasting   | 2 3 |  3.0

Action                   |  1- 3 |  4- 6 |  7- 9 || total
-------------------------+-------+-------+-------++-------
Melee: Unarmed           |    68 |   229 |   102 ||   399
       Headbutt          |     8 |    25 |     3 ||    36
       Kick              |    14 |    38 |     8 ||    60
       Punch             |     2 |     7 |     1 ||    10
 Fire: Hunting sling     |       |    40 |     7 ||    47
 Cast: Beastly Appendage |    24 |    14 |     6 ||    44
       Spider Form       |     1 |    22 |    16 ||    39
  Use: Scroll            |     1 |       |       ||     1
       Potion            |       |     2 |       ||     2
 Stab: Sleeping          |     1 |       |       ||     1
Armor: Robe              |     7 |     3 |       ||    10
       Skin              |       |     5 |     7 ||    12
       Leather armour    |       |    10 |     9 ||    19
Dodge: Dodged            |    33 |    88 |   113 ||   234

Table legend: (Time is in decaauts)
 A = Elapsed time spent in this place.
 B = Non-inter-level travel time spent in this place.
 C = Inter-level travel time spent in this place.
 D = Time resting spent in this place.
 E = Time spent auto-exploring this place.
 F = Levels seen in this place.
 G = Mean time per level.
                   A        B        C        D        E       F      G
               +--------+--------+--------+--------+--------+-----+--------+
         Total |   8019 |   7308 |    711 |   2110 |   3561 |   6 | 1336.5 |
       Dungeon |   7875 |   7181 |    694 |   2110 |   3456 |   5 | 1575.0 |
        Temple |    144 |    127 |     17 |      0 |    105 |   1 |  144.0 |
               +--------+--------+--------+--------+--------+-----+--------+

Top non-repeatable levels by time:
     D:3: 2773 daAuts
     D:4: 2015 daAuts
     D:2: 1609 daAuts
     D:1: 1200 daAuts
     D:5: 275 daAuts
  Temple: 144 daAuts
